 Dungeon Crawl Stone Soup version 0.29.0-15-g675c0067aa (webtiles) character file.

Game seed: 8249918281256165478

2234 Querens the Thaumaturge (level 9, -5/39 (45) HPs)
             Began as a Deep Elf Conjurer on Sept 11, 2022.
             Slain by a wight
             ... wielding a +4 scimitar
              (18 damage)
             ... on level 7 of the Dungeon.
             The game lasted 00:21:06 (3724 turns).

Querens the Thaumaturge (Deep Elf Conjurer)         Turns: 3724, Time: 00:21:07

HP:   -5/39 (45)    AC:  4    Str: 10    XL:     9   Next: 14%
MP:   2/24          EV: 12    Int: 28    God:
Gold: 383           SH:  5    Dex: 13    Spells: 14/26 levels left

rFire   . . .      SeeInvis .   C - +2 war axe (elec)
rCold   . . .      Faith    .   o - +0 buckler
rNeg    . . .      Spirit   .   a - +0 robe
rPois   .          Reflect  .   w - +0 helmet
rElec   .          Harm     .   r - +0 cloak
rCorr   .          Rampage  .   (no gloves)
Will    .....                   (no boots)
Stlth   ++........              c - amulet of regeneration
HPRegen 0.93/turn               A - +6 ring of strength
MPRegen 0.19/turn               (no ring)

@: heavily drained
A: no striking features
a: no special abilities


You were on level 7 of the Dungeon.
You visited 1 branch of the dungeon, and saw 7 of its levels.

You collected 383 gold pieces.

Inventory:

Hand Weapons
 u - a +1 dagger of venom
 C - a +2 war axe of electrocution (weapon)
Missiles
 y - 2 throwing nets
Armour
 a - a +0 robe (worn)
 o - a +0 buckler (worn)
 r - a +0 cloak (worn)
 w - a +0 helmet (worn)
Jewellery
 c - an amulet of regeneration (around neck)
 g - a ring of ice
 A - a +6 ring of strength (left hand)
 D - a ring of protection from fire
Wands
 d - a wand of flame (17)
Scrolls
 e - 2 scrolls of teleportation
 h - a scroll of vulnerability {unknown}
 i - a scroll of poison {unknown}
 m - 4 scrolls of blinking
 n - a scroll of fog
 q - 3 scrolls of enchant weapon
 s - 2 scrolls of enchant armour
 t - 3 scrolls of fear
 x - a scroll of silence
 B - a scroll of summoning
Potions
 b - a potion of magic
 f - a potion of heal wounds
 j - 6 potions of curing
 k - 3 potions of brilliance
 l - a potion of ambrosia {unknown}
 p - a potion of berserk rage {unknown}
 v - a potion of haste
 z - a potion of might


   Skills:
 - Level 2.4 Dodging
 - Level 2.4 Stealth
 + Level 4.8 Shields
 + Level 9.0 Spellcasting
 + Level 8.4 Conjurations
 + Level 5.5 Translocations


You had 14 spell levels left.
You knew the following spells:

 Your Spells              Type           Power      Damage    Failure   Level
a - Magic Dart            Conj           100%       1d8       1%          1
b - Searing Ray           Conj           100%       2d8       1%          2
c - Iskenderun's Mystic   Conj/Tloc      51%        2d11      3%          4
d - Iskenderun's Battles  Conj           56%        2d11      4%          5

Your spell library contained the following spells:

 Spells                   Type           Power      Damage    Failure   Level
 Teleport Other           Tloc           43%        N/A       1%          3
 Dazzling Flash           Conj/Hex       72%        N/A       3%          3
 Summon Small Mammal      Summ           48%        N/A       5%          1
 Mephitic Cloud           Conj/Pois/Air  28%        N/A       5%          3
 Passage of Golubria      Tloc           43%        N/A       6%          4
 Call Imp                 Summ           12%        N/A       9%          2
 Sublimation of Blood     Necr           12%        N/A       9%          2
 Wereblood                Tmut           12%        N/A       9%          2
 Fulminant Prism          Conj/Hex       18%        3d11      10%         4
 Call Canine Familiar     Summ           12%        N/A       17%         3
 Summon Guardian Golem    Hex/Summ       12%        N/A       17%         3
 Tukima's Dance           Hex            12%        N/A       17%         3
 Yara's Violent Unravell  Hex/Tmut       6%         3d5       83%         5
 Conjure Ball Lightning   Conj/Air       18%        3x3d6     83%         6
 Orb of Destruction       Conj           28%        9d9       83%         7
 Spellforged Servitor     Conj/Summ      18%        N/A       100%        7
 Summon Hydra             Summ           6%         N/A       100%        7


Dungeon Overview and Level Annotations

Branches:
Dungeon (7/15)
 Temple: D:4-7

Altars:
Dithmenos
Sif Muna


Message History

Aiming: Searing Ray (safe; 1% risk of failure)
Press: ? - help, Shift-Dir - straight line, f - wight
Aim: a wight, wielding a +3 hand axe and wearing a +0 robe (severely damaged, 83% to hit)
The searing ray hits the wight.
The wight is almost destroyed.
The searing ray misses the wight. (Press . to maintain the ray.)
The searing ray hits the wight!
You destroy the wight!
The searing ray hits the wight.
The wight is moderately damaged.
The searing ray hits the wight.
The wight is heavily damaged.
The searing ray hits the wight.
The wight is severely damaged.
You finish channelling your searing ray.
The wight closely misses you.
You hit the wight but do no damage.
The wight is severely damaged.
The wight barely misses you.
Your +1 dagger of venom stops dripping with poison.
You hear the crackle of electricity.
C - a +2 war axe of electrocution (weapon)
You block the wight's attack.
You barely miss the wight.
The wight is severely damaged.
The wight hits you with a +4 scimitar.
You feel drained.
You hit the wight.
The wight is almost destroyed.
The wight barely misses you.
You hear a distant slurping noise.
The wight hits you with a +4 scimitar!
You feel drained.
You hit the wight.
The wight is almost destroyed.
The wight hits you with a +4 scimitar!!
You feel drained.
* * * LOW HITPOINT WARNING * * *
You block the wight's attack. The wight attacks as you move away!
The wight closely misses you. The wight attacks as you move away!
The wight hits you with a +4 scimitar!!
You die...

#[......# #.
#.......# #.
#.......# #.
#..)....# ##
#(......# ##
#.......# #.
#...)...# #.
#..z....# #.
#..@....# #.
#.......# ##.## #.
#.......# #.#.## #.
#.......# #....# #.
#.....### ....# ##
##'#########..######
#.....##............
#...................
#...................


You could see a wight.

Vanquished Creatures
  A water moccasin (D:6)
  2 orc warriors
  A sky beast (D:4)
  2 ice beasts (D:6)
  3 ogres
  A centaur (D:5)
  A phantom (D:5)
  2 bullfrogs
  2 scorpions (D:4)
  4 wights (D:7)
  3 howler monkeys (D:7)
  5 hounds
  2 orc priests
  A gnoll bouda (D:6)
  3 iguanas (D:5)
  5 orc wizards
  6 gnolls
  9 adders
  An ufetubus (D:6)
  5 worms
  25 orcs
  4 endoplasms
  3 giant cockroaches
  4 hobgoblins
  10 jackals
  4 quokkas
  3 ball pythons
  5 bats
  6 goblins
  2 kobolds (D:1)
  3 rats
128 creatures vanquished.

Notes
Turn   | Place    | Note
-------+----------+-------------------------------------------
     0 | D:1      | Querens the Deep Elf Conjurer began the quest for the Orb.
     0 | D:1      | Reached XP level 1. HP: 10/10 MP: 6/6
   101 | D:1      | Reached XP level 2. HP: 15/15 MP: 2/8
   104 | D:1      | Learned a level 2 spell: Searing Ray
   318 | D:1      | Found a faded altar of an unknown god.
   346 | D:1      | Reached skill level 4 in Spellcasting
   518 | D:2      | Reached skill level 5 in Conjurations
   518 | D:2      | Reached XP level 3. HP: 19/19 MP: 6/10
  1091 | D:3      | Reached XP level 4. HP: 24/24 MP: 8/12
  1096 | D:3      | Learned a level 4 spell: Iskenderun's Mystic Blast
  1396 | D:3      | Reached skill level 1 in Shields
  1541 | D:3      | Reached skill level 5 in Spellcasting
  1829 | D:4      | You fall into a shaft and drop 3 floors!
  1837 | D:7      | Reached XP level 5. HP: 28/28 MP: 8/14
  1947 | D:5      | Entered Level 5 of the Dungeon
  1967 | D:5      | Reached XP level 6. HP: 23/32 MP: 7/16
  2066 | D:4      | Got Kadghiam's Papyrus of Kinetic Peregrination
  2073 | D:4      | Learned a level 5 spell: Iskenderun's Battlesphere
  2116 | D:4      | Noticed a sky beast
  2142 | D:4      | Killed a sky beast
  2143 | D:4      | Reached skill level 6 in Spellcasting
  2143 | D:4      | Reached skill level 1 in Translocations
  2216 | D:4      | Reached XP level 7. HP: 36/36 MP: 4/18
  2296 | D:4      | Found a shimmering blue altar of Sif Muna.
  2576 | D:5      | Found a shadowy altar of Dithmenos.
  2591 | D:5      | Reached skill level 7 in Spellcasting
  2735 | D:5      | Reached XP level 8. HP: 41/41 MP: 7/21
  3150 | D:6      | Reached skill level 8 in Spellcasting
  3548 | D:7      | Reached skill level 5 in Translocations
  3680 | D:7      | Reached XP level 9. HP: 41/45 MP: 17/23
  3700 | D:7      | Reached skill level 9 in Spellcasting
  3724 | D:7      | Slain by a wight

Illustrated notes

Levels and vault maps discovered:
D:1:      evilmike_arrival_crescent, layout_rooms,
          shapermc_ecumenical_altar_mp_vishouse, minivault_23,
          minmay_crystal_room
D:2:      layout_basic, nrook_mini_vaults
D:3:      layout_basic
D:4:      layout_cave_pools, lemuel_round_altar, eino_tiny_chamber,
          solitary_fountain, st_stairs_9
D:5:      layout_basic, nicolae_dithmenos_the_darkroom,
          kennysheep_generic_room_9
D:6:      layout_loops_ring, water_maze_lemuel
D:7:      layout_gridville, temple_green, uniq_crazy_yiuf_cottage

Skill      XL: |  1  2  3  4  5  6  7  8  9 |
---------------+----------------------------+-----
Spellcasting   | 4 5 6 7 8 9 |  9.0
Conjurations   | 5 6 7 8 |  8.4
Shields        | 1 2 3 4 |  4.8
Translocations | 1 3 5 |  5.5
Dodging        | |  2.4
Stealth        | |  2.4

Action                   |  1- 3 |  4- 6 |  7- 9 || total
-------------------------+-------+-------+-------++-------
Melee: Short sword       |    65 |     5 |       ||    70
       Dagger            |       |    14 |    60 ||    74
       War axe           |       |       |     3 ||     3
 Cast: Magic Dart        |    21 |    10 |     7 ||    38
       Searing Ray       |     7 |    16 |    39 ||    62
       Iskenderun's Batt |       |       |     2 ||     2
       Iskenderun's Myst |       |       |     1 ||     1
Evoke: Wand              |       |       |     4 ||     4
  Use: Potion            |       |     2 |       ||     2
       Scroll            |       |       |    14 ||    14
 Stab: Sleeping          |     4 |       |     1 ||     5
Armor: Robe              |    23 |     8 |    24 ||    55
Dodge: Dodged            |    61 |    21 |    69 ||   151
Block: Buckler           |     3 |     5 |    33 ||    41
